General information
- name: BNet
- type: Ladder team game (AT/RT)
- host: Battle.net
- saver: GODIEPLZ
map: UpperKingdom
- players: 6
- length: 25:15
- speed: Fast
- version: 1.24 W3XP
- replay type: Public
» download(209 KB)
Players
team 1 (loser)
Etrapedmydog (
green | 38 APM | 882 actions | 22:55)
4 Priestess of the Moon
2 Trueshot Aura
2 Scout
» actions
| Assign group hotkey | 9 | |
| Basic commands | 38 | |
| Build / train | 66 | |
| ESC pressed | 1 | |
| Enter build submenu | 15 | |
| Enter hero's abilities submenu | 4 | |
| Right click | 337 | |
| Select / deselect | 279 | |
| Select group hotkey | 65 | |
| Use ability | 68 | |
882 total
» units
» upgrades
| Moon Armor | 1 | |
| Strength of the Moon | 1 | |
2 total
» buildings
| Moon Well | 4 | |
| Altar of Elders | 3 | |
| Hunter's Hall | 1 | |
| Ancient of War | 2 | |
| Ancient Protector | 1 | |
| Tree of Life | 4 | |
| Tree of Ages | 2 | |
17 total
» build order
00:07 Moon Well
00:55 Altar of Elders
01:31 Hunter's Hall
01:54 Ancient of War
02:18 Moon Well
02:38 Ancient of War
03:56 Moon Well
04:40 Ancient Protector
05:25 Moon Well
07:02 Tree of Life
09:02 Tree of Ages
10:40 Tree of Life
14:51 Tree of Ages
15:52 Altar of Elders
18:06 Tree of Life
18:08 Altar of Elders
19:56 Tree of Life
LastApache (
blue | 92 APM | 2327 actions | 25:14)
4 Far Seer
2 Feral Spirit
2 Chain Lighting
4 Tauren Chieftain
2 War Stomp
2 Endurance Aura
» actions
| Assign group hotkey | 83 | |
| Basic commands | 64 | |
| Build / train | 67 | |
| Enter build submenu | 16 | |
| Enter hero's abilities submenu | 8 | |
| Right click | 941 | |
| Select / deselect | 446 | |
| Select group hotkey | 606 | |
| Use ability | 96 | |
2327 total
» units
| Peon | 8 | |
| Grunt | 9 | |
| Troll Witch Doctor | 10 | |
| Tauren | 11 | |
| Demolisher | 3 | |
41 total
» upgrades
| Berserker Strength | 1 | |
| Witch Doctor Training | 2 | |
| Pulverize | 1 | |
| Reinforced Defenses | 1 | |
| Burning Oil | 1 | |
| Armor | 1 | |
| Spiked Barricades | 1 | |
8 total
» buildings
| Altar of Storms | 1 | |
| Orc Burrow | 7 | |
| Barracks | 1 | |
| Voodoo Lounge | 1 | |
| Stronghold | 1 | |
| War Mill | 1 | |
| Watch Tower | 2 | |
| Spirit Lodge | 2 | |
| Fortress | 1 | |
| Tauren Totem | 1 | |
18 total
» build order
00:07 Altar of Storms
00:20 Orc Burrow
00:51 Barracks
01:31 Orc Burrow
02:07 Voodoo Lounge
03:08 Orc Burrow
03:50 Stronghold
04:37 War Mill
05:00 Orc Burrow
05:55 Watch Tower
06:36 Spirit Lodge
07:08 Fortress
08:10 Spirit Lodge
09:22 Orc Burrow
09:47 Tauren Totem
14:30 Orc Burrow
16:26 Orc Burrow
23:13 Watch Tower
» items
| Healing Salve | 2 | |
| Scroll of Speed | 2 | |
| Potion of Healing | 1 | |
| Scroll of Town Portal | 1 | |
6 total
LastMohican (
purple | 112 APM | 2804 actions | 25:02)
4 Death Knight
2 Death Coil
2 Unholy Aura
3 Lich
2 Frost Nova
1 Frost Armor
1 Priestess of the Moon
1 Trueshot Aura
» actions
| Assign group hotkey | 47 | |
| Build / train | 55 | |
| ESC pressed | 1 | |
| Enter build submenu | 17 | |
| Enter hero's abilities submenu | 8 | |
| Right click | 1098 | |
| Select / deselect | 377 | |
| Select group hotkey | 1126 | |
| Use ability | 75 | |
2804 total
» units
| Acolyte | 3 | |
| Ghoul | 5 | |
| Crypt Fiend | 6 | |
| Frost Wyrm | 11 | |
25 total
» upgrades
| Creature Attack | 2 | |
| Burrow | 1 | |
| Web | 1 | |
| Freezing Breath | 1 | |
| Creature Carapace | 1 | |
6 total
» buildings
| Graveyard | 1 | |
| Crypt | 1 | |
| Altar of Darkness | 2 | |
| Ziggurat | 6 | |
| Tomb of Relics | 1 | |
| Halls of the Dead | 1 | |
| Black Citadel | 1 | |
| Sacrificial Pit | 1 | |
| Boneyard | 2 | |
| Spirit Tower | 3 | |
19 total
» build order
00:14 Graveyard
00:18 Crypt
00:48 Altar of Darkness
00:51 Ziggurat
01:15 Ziggurat
01:36 Tomb of Relics
03:39 Halls of the Dead
04:00 Ziggurat
05:13 Ziggurat
06:03 Black Citadel
06:07 Sacrificial Pit
06:59 Ziggurat
08:28 Boneyard
09:22 Boneyard
10:36 Spirit Tower
11:09 Spirit Tower
13:01 Spirit Tower
14:49 Altar of Darkness
18:11 Ziggurat
» items
| Rod of Necromancy | 2 | |
| Scroll of Town Portal | 4 | |
| Scroll of Healing | 1 | |
7 total
team 2 (winner)
CoLeGePaRtYeR17 (
red | 106 APM | 2679 actions | 25:15)
5 Archmage
3 Summon Water Elemental
2 Brilliance Aura
4 Mountain King
3 Storm Bolt
1 Bash
» actions
| Assign group hotkey | 58 | |
| Basic commands | 177 | |
| Build / train | 67 | |
| Enter build submenu | 19 | |
| Enter hero's abilities submenu | 9 | |
| Right click | 1281 | |
| Select / deselect | 614 | |
| Select group hotkey | 332 | |
| Use ability | 122 | |
2679 total
» units
| Peasant | 17 | |
| Footman | 7 | |
| Sorceress | 6 | |
| Priest | 3 | |
| Spell Breaker | 4 | |
| Dragonhawk Rider | 1 | |
38 total
» upgrades
| Masonry | 2 | |
| Defend | 1 | |
| Sorceress Training | 2 | |
| Lumber Harvesting | 1 | |
| Plating | 3 | |
| Priest Training | 1 | |
| Control Magic | 1 | |
11 total
» buildings
| Altar of Kings | 1 | |
| Barracks | 1 | |
| Farm | 7 | |
| Scout Tower | 1 | |
| Arcane Tower | 1 | |
| Arcane Vault | 1 | |
| Lumber Mill | 1 | |
| Keep | 1 | |
| Arcane Sanctum | 2 | |
| Blacksmith | 1 | |
| Castle | 1 | |
| Gryphon Aviary | 2 | |
20 total
» build order
00:05 Altar of Kings
00:08 Barracks
00:39 Farm
01:11 Farm
01:41 Farm
01:53 Scout Tower
02:23 Arcane Tower
02:26 Arcane Vault
03:03 Lumber Mill
03:53 Keep
05:10 Farm
05:58 Farm
06:21 Arcane Sanctum
06:26 Arcane Sanctum
06:45 Farm
08:07 Blacksmith
12:14 Farm
14:58 Castle
15:01 Gryphon Aviary
15:04 Gryphon Aviary
» items
| Scroll of Regeneration | 2 | |
| Scroll of Town Portal | 1 | |
| Staff of Sanctuary | 1 | |
4 total
GODIEPLZ (
teal | 125 APM | 3155 actions | 25:15)
6 Death Knight
3 Death Coil
3 Unholy Aura
4 Lich
2 Frost Nova
2 Frost Armor
3 Dreadlord
2 Sleep
1 Carrion Swarm
» actions
| Assign group hotkey | 29 | |
| Basic commands | 259 | |
| Build / train | 70 | |
| ESC pressed | 1 | |
| Enter build submenu | 14 | |
| Enter hero's abilities submenu | 13 | |
| Give item / drop item | 1 | |
| Right click | 1321 | |
| Select / deselect | 736 | |
| Select group hotkey | 566 | |
| Use ability | 145 | |
3155 total
» units
| Acolyte | 9 | |
| Ghoul | 4 | |
| Crypt Fiend | 11 | |
| Obsidian Statue | 8 | |
32 total
» upgrades
| Creature Attack | 2 | |
| Burrow | 1 | |
| Web | 1 | |
| Destroyer Form | 1 | |
| Creature Carapace | 1 | |
6 total
» buildings
| Crypt | 1 | |
| Graveyard | 2 | |
| Altar of Darkness | 1 | |
| Ziggurat | 6 | |
| Tomb of Relics | 1 | |
| Halls of the Dead | 3 | |
| Nerubian Tower | 1 | |
| Spirit Tower | 1 | |
| Slaughterhouse | 1 | |
| Black Citadel | 1 | |
18 total
» build order
00:06 Crypt
00:20 Graveyard
00:24 Graveyard
00:41 Altar of Darkness
00:57 Ziggurat
01:23 Tomb of Relics
01:59 Ziggurat
04:08 Halls of the Dead
04:09 Halls of the Dead
04:23 Ziggurat
05:52 Nerubian Tower
06:09 Spirit Tower
07:29 Slaughterhouse
08:07 Ziggurat
10:02 Black Citadel
10:45 Ziggurat
14:49 Ziggurat
» items
| Rod of Necromancy | 4 | |
| Healing Salve | 1 | |
| Orb of Corruption | 2 | |
| Scroll of Town Portal | 2 | |
9 total

»
yeahshesassbats (
pink | 109 APM | 2749 actions | 25:15)
5 Far Seer
3 Feral Spirit
2 Chain Lighting
4 Shadow Hunter
2 Hex
2 Healing Wave
» actions
| Assign group hotkey | 185 | |
| Basic commands | 9 | |
| Build / train | 72 | |
| Enter build submenu | 18 | |
| Enter hero's abilities submenu | 10 | |
| Give item / drop item | 3 | |
| Remove unit from queue | 4 | |
| Right click | 1098 | |
| Select / deselect | 330 | |
| Select group hotkey | 887 | |
| Use ability | 133 | |
2749 total
» units
| Peon | 10 | |
| Grunt | 7 | |
| Tauren | 6 | |
| Shaman | 12 | |
35 total
» upgrades
| Berserker Strength | 1 | |
| Shaman Training | 2 | |
| Pulverize | 1 | |
| Reinforced Defenses | 1 | |
5 total
» buildings
| Altar of Storms | 1 | |
| Orc Burrow | 10 | |
| Barracks | 1 | |
| Voodoo Lounge | 1 | |
| Stronghold | 1 | |
| War Mill | 1 | |
| Fortress | 1 | |
| Spirit Lodge | 2 | |
| Tauren Totem | 1 | |
19 total
» build order
00:06 Altar of Storms
00:25 Orc Burrow
00:39 Barracks
01:51 Voodoo Lounge
02:07 Orc Burrow
02:55 Stronghold
04:22 Orc Burrow
04:26 War Mill
06:15 Orc Burrow
07:24 Fortress
08:38 Orc Burrow
09:26 Spirit Lodge
09:43 Orc Burrow
09:46 Tauren Totem
11:39 Spirit Lodge
14:29 Orc Burrow
15:23 Orc Burrow
15:25 Orc Burrow
15:28 Orc Burrow
» items
| Healing Salve | 3 | |
| Lesser Clarity Potion | 5 | |
| Scroll of Town Portal | 3 | |
| Orb of Corruption | 1 | |
| Scroll of Healing | 1 | |
13 total
Chat log
(03:58 / All) yeahshesassbats: IS THAT WHAT I GET
(04:01 / All) yeahshesassbats: FOR GRUNT TANKING?
(09:14 / Allies) yeahshesassbats: elf
(10:18 / All) yeahshesassbats: too good
(12:44 / All) LastMohican: lag hack?
(12:52 / All) yeahshesassbats: theres a fucking patch r u dumb?
(13:35 / All) LastMohican: fucker lag hack
(13:39 / All) GODIEPLZ: yup
(14:40 / All) LastMohican: terrible lag fuck u hacker
(14:44 / All) yeahshesassbats: LOL
(14:48 / All) yeahshesassbats: UR A JOKE UD
(14:49 / All) yeahshesassbats: KID
(14:59 / All) LastMohican: fucking lag hack
(15:11 / All) yeahshesassbats: MORE EXCUSES FOR THE RAPE
(15:46 / All) yeahshesassbats: COOL FROST WORMS
(15:49 / All) LastMohican: wow everytime engage mad lag
(15:55 / All) yeahshesassbats: RIGHT
(15:58 / All) yeahshesassbats: GET A BETTER COMP
(16:05 / All) yeahshesassbats: UR COMP CANT HANDLE
(16:11 / All) yeahshesassbats: SLOW AND 50 + UNITS ON SCREEN
(16:19 / All) yeahshesassbats: GO PLAY AN FPS
(16:22 / All) yeahshesassbats: AND STARE AT THE WALL
(16:29 / All) yeahshesassbats: ULL GO OVER 100 FPS I PROMISE
(17:23 / All) yeahshesassbats: MY HERO DIED
(17:59 / All) LastMohican: Wopw u deamn noobs w/ out lag hack
(18:03 / All) LastMohican: would b an easy meal
(18:06 / All) yeahshesassbats: lol
(18:08 / All) yeahshesassbats: ur what
(18:11 / All) yeahshesassbats: 50% trash ud?
(21:04 / All) yeahshesassbats: STOP PLUG PULLING
(22:21 / All) yeahshesassbats: NO BRAIN ELF
(22:27 / All) yeahshesassbats: WITH EXPO
(22:30 / All) yeahshesassbats: FEEDS AN UD
(24:15 / All) yeahshesassbats: U CANT EVEN KILL A FUCKING AM
(24:17 / All) yeahshesassbats: WITH WORMS
(24:19 / All) yeahshesassbats: KILL YOURSELF